Map: At Eternity's Edge LE

Players

WokeManCheEz - Winner!

  • Race: Protoss Protoss
  • League: Master
  • Spawn Location: 5:00

RipNHammer

  • Race: Terran Terran
  • League: Master
  • Spawn Location: 11:00

VOD

Have the link to the VOD?

Description

Time

  • Played on: Sept. 7, 2026, 8:34 a.m.
  • Length: 14:11
Show
View Real Time Build Order
Export as new Build Order

WokeManCheEz Protoss - Winner!

Build Orders: Double Forge 

Get SALT Encoding   

  8  0:00  Probe (Chrono Boost)  
  9  0:12  Probe (Chrono Boost)  
  10  0:21  Probe (Chrono Boost)  
  11  0:27  Probe  
  12  0:34  Pylon  
  12  0:39  Probe  
  13  0:45  Assimilator  
  13  0:52  Probe  
  14  1:04  Gateway  
  14  1:07  Probe (Chrono Boost)  
  16  1:19  Probe (Chrono Boost)  
  16  1:24  Probe (Chrono Boost)  
  17  1:33  Probe  
  17  1:37  Pylon  
  18  1:45  Probe  
  19  1:52  Cybernetics Core  
  19  1:57  Probe  
  19  1:59  Zealot  
  22  2:09  Probe  
  23  2:27  Stalker (Chrono Boost)  
  25  2:35  Nexus  
  25  2:42  Shield Battery  
  25  2:44  Probe  
  26  2:51  Stalker  
  28  3:01  Probe  
  28  3:04  Assimilator  
  29  3:11  Pylon  
  29  3:18  Twilight Council  
  29  3:29  Probe  
  30  3:42  Probe (Chrono Boost)  
  31  3:54  Probe (Chrono Boost)  
  31  3:55  Probe (Chrono Boost)  
  33  4:00  Probe (Chrono Boost)  
  33  4:01  Blink (Chrono Boost)  
  35  4:03  Probe (Chrono Boost)  
  35  4:08  Probe  
  35  4:09  Forge  
  36  4:14  Probe (Chrono Boost)  
  37  4:20  Forge, Probe (Chrono Boost)  
  38  4:26  Probe (Chrono Boost)  
  38  4:27  Warp Gate (Chrono Boost)  
  38  4:28  Stalker  
  38  4:31  Probe (Chrono Boost)  
  42  4:33  Probe (Chrono Boost)  
  42  4:36  Probe (Chrono Boost)  
  44  4:39  Shield Battery  
  44  4:40  Probe  
  44  4:44  Protoss Ground Armor Level 1 (Chrono Boost)  
  45  4:46  Probe  
  45  4:48  Protoss Ground Weapons Level 1 (Chrono Boost)  
  45  4:52  Probe  
  47  4:55  Pylon  
  47  4:58  Probe  
  48  5:00  Assimilator  
  48  5:04  Probe  
  49  5:11  Probe  
  49  5:13  Stalker  
  52  5:16  Gateway, Pylon  
  52  5:19  Gateway  
  52  5:23  Probe  
  53  5:38  Probe  
  53  5:39  Probe  
  55  5:43  Gateway  
  55  5:45  Gateway  
  55  5:52  Pylon  
  55  5:55  Nexus  
  55  5:57  Probe x2  
  57  6:09  Probe  
  57  6:10  Robotics Facility  
  58  6:12  Stalker x2  
  58  6:17  Probe  
  58  6:18  Assimilator  
  63  6:20  Stalker  
  63  6:21  Probe  
  63  6:25  Pylon  
  66  6:26  Charge  
  66  6:29  Probe  
  67  6:33  Probe  
  68  6:41  Probe  
  68  6:43  Gateway  
  68  6:46  Probe, Gateway  
  70  6:53  Probe  
  71  6:56  Zealot x3  
  71  6:57  Observer (Chrono Boost)  
  71  6:58  Probe  
  79  7:03  Pylon  
  79  7:05  Probe  
  79  7:06  Zealot  
  79  7:08  Zealot  
  84  7:10  Probe  
  84  7:12  Pylon  
  85  7:19  Pylon  
  85  7:20  Protoss Ground Weapons Level 2 (Chrono Boost)  
  85  7:23  Protoss Ground Armor Level 2 (Chrono Boost)  
  85  7:36  Zealot x3  
  91  7:38  Zealot  
  91  7:41  Zealot  
  95  7:52  Zealot x2  
  99  8:00  Robotics Bay  
  99  8:01  Pylon  
  99  8:05  Zealot x3  
  99  8:06  Zealot  
  99  8:08  Zealot  
  99  8:10  Probe  
  99  8:11  Probe x2  
  112  8:16  Zealot x2  
  114  8:23  Pylon  
  104  8:30  Stalker  
  104  8:31  Stalker x4  
  114  8:46  Stalker x2  
  118  8:49  Colossus (Chrono Boost)  
  118  8:50  Extended Thermal Lance  
  118  8:54  Photon Cannon  
  124  8:58  Photon Cannon  
  124  9:02  Photon Cannon  
  124  9:03  Zealot x3  
  124  9:04  Zealot x2  
  134  9:11  Pylon  
  134  9:15  Photon Cannon  
  134  9:17  Photon Cannon  
  134  9:22  Pylon  
  134  9:30  Nexus  
  134  9:31  Zealot  
  134  9:32  Zealot  
  134  9:37  Stalker  
  134  9:38  Stalker, Colossus (Chrono Boost)  
  142  9:44  Zealot  
  150  9:47  Photon Cannon  
  150  9:48  Pylon  
  144  9:55  Zealot  
  138  10:02  Zealot x2  
  130  10:18  Zealot  
  130  10:19  Zealot x4  
  128  10:27  Stalker  
  128  10:28  Stalker  
  128  10:39  Photon Cannon, Protoss Ground Weapons Level 3 (Chrono Boost), Protoss Ground Armor Level 3 (Chrono Boost)  
  128  10:40  Colossus  
  134  10:47  Zealot x5  
  144  10:52  Probe x2  
  144  10:53  Probe  
  144  10:55  Pylon  
  144  10:56  Assimilator  
  147  10:57  Pylon  
  147  11:00  Pylon  
  147  11:01  Probe  
  148  11:04  Dark Shrine, Probe  
  148  11:05  Probe x2  
  148  11:07  Zealot x2  
  155  11:18  Stalker  
  155  11:19  Stalker x2  
  155  11:21  Zealot  
  155  11:22  Zealot  
  165  11:26  Assimilator, Probe x3  
  168  11:34  Colossus  
  168  11:35  Zealot  
  170  11:49  Zealot x3  
  170  11:50  Zealot  
  170  11:57  Probe x2  
  170  11:58  Probe  
  173  12:02  Stalker  
  173  12:03  Stalker x2  
  179  12:17  Assimilator  
  179  12:29  Colossus  
  179  12:35  Gateway  
  179  12:36  Gateway  
  185  12:39  Gateway  
  185  12:41  Nexus  
  185  12:42  Gateway x2  
  185  12:47  Zealot  
  187  12:52  Photon Cannon  
  187  12:55  Pylon  
  187  12:57  Pylon  
  187  13:01  Dark Shrine  
  187  13:04  Gateway  
  187  13:05  Gateway  
  187  13:06  Nexus  
  187  13:16  Zealot x3  
  187  13:17  Zealot x2  
  197  13:27  Zealot  
  173  13:35  Zealot  
  147  13:45  Zealot x5  
  137  13:51  Stalker  
  129  13:59  Dark Templar  
  115  14:10  Zealot x5  
Show
View Real Time Build Order
Export as new Build Order

RipNHammer Terran 

Build Orders: Reaper Expand 

Get SALT Encoding   

  8  0:00  SCV  
  9  0:12  SCV  
  10  0:24  SCV  
  11  0:37  SCV  
  11  0:39  Supply Depot  
  12  0:49  SCV  
  13  0:53  Refinery  
  13  1:01  SCV  
  14  1:05  Barracks  
  14  1:13  SCV  
  15  1:25  SCV  
  16  1:37  SCV  
  17  1:52  Reaper, Orbital Command  
  18  2:20  SCV  
  19  2:24  Command Center  
  19  2:28  Marine  
  19  2:29  Supply Depot  
  20  2:33  Bunker  
  20  2:34  SCV  
  21  2:51  Marine  
  22  3:07  Barracks  
  22  3:11  Barracks  
  22  3:16  Barracks Reactor  
  22  3:18  SCV  
  23  3:30  SCV  
  24  3:37  Orbital Command  
  24  3:44  SCV  
  25  3:53  Marine  
  25  3:54  Marine  
  27  3:55  Barracks Tech Lab  
  27  4:00  Barracks Tech Lab  
  27  4:04  SCV  
  27  4:06  SCV  
  29  4:10  Supply Depot  
  29  4:11  Marine x2  
  29  4:14  Marauder, Concussive Shells  
  33  4:19  Stimpack  
  33  4:20  Marauder  
  33  4:22  SCV  
  33  4:23  Supply Depot, SCV  
  37  4:31  Marine x2  
  39  4:32  Refinery, Orbital Command  
  39  4:36  SCV  
  39  4:37  Factory  
  40  4:40  Marauder  
  42  4:46  Marauder  
  42  4:48  SCV  
  42  4:52  Marine x2  
  46  4:59  SCV  
  48  5:00  SCV  
  48  5:05  Supply Depot  
  48  5:06  Marauder  
  51  5:07  Marine  
  51  5:09  Bunker  
  52  5:14  Supply Depot  
  52  5:18  SCV, Engineering Bay  
  52  5:19  SCV  
  54  5:25  Starport  
  54  5:28  Combat Shield  
  54  5:32  SCV  
  57  5:36  Marauder  
  57  5:37  Factory Reactor  
  57  5:39  Marine  
  58  5:45  Missile Turret  
  58  5:46  SCV  
  58  5:48  SCV  
  60  5:52  Refinery, Marine  
  61  5:58  SCV  
  61  5:59  Missile Turret  
  61  6:01  SCV  
  61  6:02  Marine  
  64  6:07  Barracks  
  64  6:17  SCV x2  
  66  6:19  Marine, Marauder  
  66  6:22  Barracks Reactor, Medivac  
  71  6:27  Refinery  
  71  6:31  Supply Depot, SCV  
  71  6:32  SCV, Supply Depot  
  73  6:43  SCV, Terran Infantry Weapons Level 1  
  74  6:52  Marine x2, Siege Tank, Supply Depot, SCV  
  80  6:55  SCV  
  80  6:56  Medivac  
  80  7:00  Supply Depot  
  83  7:04  Barracks Tech Lab  
  83  7:05  SCV  
  83  7:06  Barracks  
  83  7:07  Marine x2  
  86  7:10  Medivac  
  86  7:13  SCV  
  89  7:22  Marine x2  
  89  7:29  Command Center  
  91  7:33  Marine, Marauder  
  91  7:34  Medivac  
  96  7:37  SCV x2  
  98  7:46  Marine, Marauder  
  98  7:49  SCV x2  
  103  7:51  Barracks  
  103  7:53  Medivac  
  105  8:00  Barracks Tech Lab, Supply Depot  
  105  8:03  Supply Depot  
  105  8:04  Marauder  
  107  8:06  Engineering Bay  
  107  8:10  Medivac  
  91  8:28  Marine x3, Marauder  
  91  8:29  Marauder, Medivac  
  91  8:30  Widow Mine  
  102  8:38  Marine  
  102  8:39  Marine, Marauder, SCV  
  102  8:40  SCV  
  108  8:46  Marine x2  
  99  8:50  Marauder, Terran Infantry Armor Level 1  
  99  8:51  Widow Mine  
  99  8:52  SCV x2  
  99  8:54  Armory  
  105  9:08  SCV x2  
  107  9:10  Orbital Command  
  107  9:18  Barracks Reactor  
  107  9:20  SCV  
  107  9:21  SCV  
  107  9:24  Marine x2, Marauder  
  111  9:26  Missile Turret  
  111  9:28  Supply Depot x2  
  113  9:33  SCV x2  
  113  9:36  Marine x2  
  113  9:37  Marauder  
  119  9:44  SCV  
  119  9:45  SCV x2  
  117  9:53  Marine x2  
  117  9:54  Marauder x2, Marine x2  
  117  9:56  SCV  
  97  10:16  Marine x2, Marauder x2  
  83  10:25  Marine x2, Marauder  
  83  10:27  Marine x2  
  83  10:28  Medivac  
  83  10:33  SCV x2, Marine  
  83  10:34  Marine, Terran Infantry Weapons Level 2  
  89  10:36  Drilling Claws  
  89  10:37  Marauder  
  89  10:38  Marauder, Barracks  
  95  10:42  Marine, Widow Mine  
  95  10:43  Marine  
  95  10:46  Marauder  
  95  10:47  Terran Infantry Armor Level 2  
  99  10:50  SCV  
  99  10:55  Marine x3  
  99  10:56  Medivac  
  105  10:59  Medivac  
  109  11:04  Widow Mine  
  109  11:06  Marine x2  
  109  11:07  Marauder  
  109  11:08  Marine x2  
  115  11:13  Orbital Command  
  115  11:22  Marine, Marauder  
  115  11:24  SCV  
  115  11:25  SCV, Widow Mine  
  122  11:27  Marine x3  
  122  11:31  Medivac  
  127  11:32  Supply Depot  
  123  11:47  Widow Mine  
  118  11:50  Viking  
  117  12:01  Viking  
  119  12:08  Widow Mine  
  121  12:14  Supply Depot  
  121  12:20  Viking  
  123  12:31  Viking  
  125  12:38  Orbital Command  
  125  12:50  Viking  
  125  12:51  Marine, Marauder  
  130  12:52  SCV  
  131  13:01  Viking, Marine  
  131  13:02  Marauder  
  131  13:03  SCV  
  131  13:04  SCV  
  138  13:07  Supply Depot x2  
  138  13:12  Marine  
  138  13:13  Marine, Marauder  
  142  13:20  Viking  
  142  13:26  Missile Turret  
  144  13:28  Marauder, Marine x3  
  144  13:29  Marauder  
  140  13:37  Marine x3, Marauder  
  128  13:42  Marine  
  103  13:49  Marauder, Marine  
  103  13:50  Marine x2, Marauder  
Tags
 
Add a new tag
Caveats
  • Supply blocks, unpowered buildings, or Contaminate may cause inaccurate times.
  • Supply counts are checked every 10 seconds.